 Dungeon Crawl Stone Soup version 0.32-a0-407-g4da7c8d6d1 (webtiles) character file.

Game seed: 2738185407633505228

150671 seren the Earth Mage (level 17, 0/104 HPs)
             Began as a Gargoyle Earth Elementalist on Feb 20, 2024.
             Was a High Priest of Vehumet.
             Slain by a troll (2 damage)
             ... on level 2 of the Orcish Mines.
             The game lasted 02:40:50 (38245 turns).

seren the Earth Mage (Gargoyle Earth Elementalist) Turns: 38245, Time: 02:40:51

Health: 0/104      AC: 24    Str: 14    XL:     17   Next: 54%
Magic:  41/41      EV: 12    Int: 28    God:    Vehumet [*****.]
Gold:   2908       SH:  4    Dex:  5    Spells: 8/38 levels left

rFire   + + +        a - staff "Gargoyle's Bane" {Stlth+ Conj}
rCold   + . .        L - +0 buckler
rNeg    + . .        j - +2 robe "Vaazin" {Will++ MP+9 Int+3 Archmagi}
rPois   ∞            R - +0 helmet
rElec   +            c - scarf {rC+ rF+}
rCorr   .            M - +0 pair of gloves
SInv    +            (no boots)
Will    +++..        J - amulet of magic regeneration
Stlth   +++          u - ring "Koenlakugh" {rF+++ Int+3 Dex-5 SInv}
HPRegen 0.37/turn    r - +4 ring of protection
MPRegen 0.67/turn

%: archmagi
@: about to teleport, flying
A: sickness immunity, AC +12, big wings, negative energy resistance 1,
electricity resistance, torment resistance 1, petrification resistance
a: Renounce Religion


You were on level 2 of the Orcish Mines.
You worshipped Vehumet.
Vehumet was extremely pleased with you.
You visited 6 branches of the dungeon, and saw 28 of its levels.
You also visited: Gauntlet.

You collected 4332 gold pieces.
You spent 1424 gold pieces at shops.

Inventory:

Hand Weapons
 b - a +2 dagger of venom
 d - a +0 scimitar of flaming
 h - the +1 eveningstar "Brilliance" {foul flame, Halo}
   (You found it on level 13 of the Dungeon)

   Umbra:     It surrounds you with an aura of shadow, increasing your stealth
   and reducing the accuracy of all others within it.
 G - a +1 antimagic dagger
Missiles
 m - 5 throwing nets {!f}
 N - 5 curare-tipped darts
 Q - 6 atropa-tipped darts
 Z - 3 darts of dispersal
Armour
 c - a scarf of resistance (worn)
 j - the +2 robe "Vaazin" (worn) {Will++ MP+9 Int+3 Archmagi}
   (You found it on level 7 of the Dungeon)

   Int+3:     It affects your intelligence (+3).
   Will++:    It greatly increases your willpower.
   MP+9:      It affects your magic capacity (+9).
   Archmagi:  It increases the power of your magical spells.
 L - a +0 buckler (worn)
 M - a +0 pair of gloves (worn)
 R - a +0 helmet (worn)
Magical Staves
 a - the staff "Gargoyle's Bane" (weapon) {Stlth+ Conj}
   (You found it on level 5 of the Lair of Beasts)

   [staff of conjuration]

   Base accuracy: +5 Base damage: 5 Base attack delay: 1.2 This weapon's minimum
   attack delay (0.6) is reached at skill level 12.
   Stlth+:    It makes you more stealthy.
   Conj:      It increases the power of your Conjurations spells.
   It falls into the 'Staves' category.
   It is a one-handed weapon.
 A - a staff of earth
Jewellery
 e - a ring of resist corrosion
 g - an amulet of reflection
 n - the ring "Nijube" {MP+9 Int+3}
   (You acquired it on level 15 of the Dungeon)

   [ring of magical power]

   Int+3:     It affects your intelligence (+3).
   MP+9:      It affects your magic capacity (+9).
 r - a +4 ring of protection (right hand)
 u - the ring "Koenlakugh" (left hand) {rF+++ Int+3 Dex-5 SInv}
   (You bought it in a shop on level 2 of the Orcish Mines)

   [ring of see invisible]

   Int+3:     It affects your intelligence (+3).
   Dex-5:     It affects your dexterity (-5).
   rF+++:     It renders you almost immune to fire.
   SInv:      It lets you see invisible.
 v - a ring of protection from cold
 J - an amulet of magic regeneration (around neck)
Wands
 o - a wand of flame (82)
 D - a wand of digging (20)
 F - a wand of mindburst (16)
 H - a wand of iceblast (26)
 P - a wand of paralysis (19)
 X - a wand of polymorph (12)
Scrolls
 k - 3 scrolls of amnesia
 l - 5 scrolls of identify
 q - 4 scrolls of teleportation {!r}
 B - 4 scrolls of revelation
 C - a scroll of poison
Potions
 f - 2 potions of ambrosia
 i - a potion of resistance
 w - 6 potions of curing
 y - 2 potions of haste
 z - a potion of lignification
 E - 4 potions of mutation {!q}
 K - 3 potions of magic
 T - 4 potions of brilliance
 U - 2 potions of cancellation
 W - 3 potions of enlightenment
Miscellaneous
 S - a condenser vane


   Skills:
 + Level 11.0 Fighting
 - Level 10.0 Staves
 + Level 7.0 Armour
 - Level 10.0 Dodging
 - Level 5.0 Stealth
 * Level 5.7 Shields
 + Level 11.4 Spellcasting
 + Level 14.9 Conjurations
 + Level 16.1 Earth Magic
 - Level 5.0 Alchemy
 - Level 7.0 Evocations


You had 8 spell levels left.
You knew the following spells:

 Your Spells              Type           Power      Damage    Failure   Level
a - Sandblast             Erth           100%       2d20      0%          1
b - Passwall              Erth           100%       N/A       1%          3
c - Stone Arrow           Conj/Erth      100%       3d13      0%          3
d - Brom's Barrelling Bo  Conj/Erth      100%       2d11      1%          4
e - Petrify               Alch/Erth      85%        N/A       1%          4
f - Mephitic Cloud        Conj/Alch/Air  88%        N/A       1%          3
l - Lee's Rapid Deconstr  Erth           51%        3d24*     1%          5
o - Orb of Destruction    Conj           61%        9d15      2%          7

Your spell library contained the following spells:

 Spells                   Type           Power      Damage    Failure   Level
 Plasma Beam              Fire/Air       11%        2x1d22    82%         6
 Dazzling Flash           Conj/Hex       100%       N/A       1%          3
 Arcjolt                  Conj/Air       46%        1d56      1%          5
 Fireball                 Conj/Fire      46%        3d18      1%          5
 Irradiate                Conj/Alch      51%        3d28      1%          5
 Iskenderun's Battlesphe  Conj           100%       2d15      1%          5
 Volatile Blastmotes      Fire/Tloc      46%        2d13      3%          3
 Conjure Ball Lightning   Conj/Air       46%        3x3d16    9%          6
 Starburst                Conj/Fire      46%        6d13      9%          6
 Cause Fear               Hex            11%        N/A       41%         4
 Vhi's Electric Charge    Tloc/Air       46%        N/A       41%         4
 Maxwell's Capacitive Co  Air            11%        ∞         100%        8
 Dragon's Call            Summ           11%        N/A       100%        9
 Sublimation of Blood     Necr           Unusable   N/A       N/A         2

Dungeon Overview and Level Annotations

Branches:
Dungeon (15/15)            Temple (1/1) D:4            Lair (5/5) D:11
  Swamp (4/4) Lair:2       Spider (1/4) Lair:2        Slime (0/5) Lair:4
    Orc (2/2) D:10            Elf (0/3) Orc:2        Vaults (0/5) D:13
 Depths (0/4) D:15        Gauntlet (visited)

Altars:
Cheibriados
Dithmenos
Elyvilon
Fedhas
Gozag
Hepliaklqana
Kikubaaqudgha
Makhleb
Nemelex Xobeh
Okawaru
Qazlal
Ru
Sif Muna
Trog
Uskayaw
Vehumet
Wu Jian
Xom
Yredelemnul
Zin
The Shining One
Beogh

Shops:
D:2 ?:=?(   D:9 =   Orc:2 ((==

Annotations:
D:10 exclusion: centaur warrior
D:11 exclusions: boulder beetle, death knight, manticore and tengu conjurer
D:12 2 transporters, Mll's ghost, journeyman MiFi
D:13 exclusion: 3 doors
Lair:4 exclusion: downstairs
Swamp:3 exclusion: downstairs
Swamp:4 Lernaean hydra


Innate Abilities, Weirdness & Mutations

You are immune to sickness and miasma.
Your stone body is resilient. (AC +12)
You are immune to poison.
Your large and strong wings let you fly.
You resist negative energy. (rN+)
You are resistant to electric shocks. (rElec)
You are resistant to unholy torment.
You are immune to petrification.


Message History

The troll closely misses you. The troll misses you.
The troll claws you but does no damage. The ettin barely misses you.
The ettin hits you with a +0 dire flail!
* * * LOW HITPOINT WARNING * * *
The orc priest calls down the wrath of Beogh upon you.
Beogh smites you!
* * * LOW HITPOINT WARNING * * *
The orc knight roars a battlecry!
The orcs go into a battle-frenzy!
There is a stone staircase leading down here.
The warg bites you but does no damage. The orc barely misses you.
The ettin hits you with a +3 dire flail!
* * * LOW HITPOINT WARNING * * *
The ettin hits you with a +0 dire flail!
* * * LOW HITPOINT WARNING * * *
The orc closely misses you. The troll bites you but does no damage.
The troll claws you but does no damage. x2
The troll bites you but does no damage. The troll barely misses you.
The troll claws you but does no damage.
You fly downwards.
There is a stone staircase leading up here.
As you read the scroll of teleportation {!r}, it crumbles to dust.
You feel strangely unstable. The warg bites you but does no damage.
The warg bites you!
* * * LOW HITPOINT WARNING * * *
The ettin hits you but does no damage. The ettin closely misses you.
The orc closely misses you. The orc hits you but does no damage.
The troll bites you but does no damage.
The troll claws you but does no damage. x2
The troll bites you but does no damage. The troll misses you.
The troll claws you but does no damage.
You feel much better. The warg bites you!
* * * LOW HITPOINT WARNING * * *
The ettin hits you with a +3 dire flail.
* * * LOW HITPOINT WARNING * * *
The ettin hits you with a +0 dire flail!!!
* * * LOW HITPOINT WARNING * * *
The orc hits you but does no damage. x2; You block the troll's attack.
The troll claws you but does no damage. You block the troll's attack.
The troll bites you but does no damage. The troll claws you.
You die...

#..............# #.#..##.
##....[...##...# #.#..#..
###....<.)...#.## #.#....#
####.#..[........## #.#.....
##.#......)........# #.#.....
#..................# #.#.....
##.................#####.##....
#...........#TCo....).#...##..)
###.......#.####@T...[.......####
#.........### #ho....[........[.
##........## ###.......[.#.......
##........###........[...)..####
##.....................##...#
##.##............#.#####.[.###
##.#...........##.## ##....##
#..................# #....)#.
##.#...........##.#####)[..).


You could see an ettin, 2 trolls, a warg and 2 orcs.

Vanquished Creatures
  Rupert (Lair:5)
  A tentacled monstrosity (Swamp:3)
  Jorgrun (D:15)
  2 thorn hunters
  Roxanne (Swamp:4)
  3 fenstrider witches
  A broodmother (Lair:2)
  6 eleionomae
  6 bunyips
  A dire elephant (Lair:5)
  An ettin (D:10)
  3 shambling mangroves
  Harold (Lair:1)
  A rakshasa (D:15)
  Fannar (D:11)
  A fire dragon (D:15)
  Erolcha (Orc:1)
  3 ghost crabs
  An ice dragon (Lair:5)
  2 catoblepae
  5 alligators
  An ogre mage (D:11)
  3 centaur warriors
  A radroach (Lair:2)
  14 hydras
  4 boulder beetles
  2 death knights
  2 demonic crawlers
  5 orc high priests (Orc:2)
  A two-headed ogre (D:14)
  5 death yaks
  Nergalle (D:10)
  3 skysharks
  6 skeletal warriors
  4 goliath frogs
  9 spriggan druids
  10 swamp dragons
  4 bog bodies
  Pikel (D:6)
  A necromancer (D:15)
  A lindwurm (Lair:5)
  An obsidian statue (D:13)
  A deep elf zephyrmancer (D:15)
  4 orc sorcerers
  3 deep elf pyromancers
  10 ugly things
  A wolf spider (Lair:2)
  2 cyclopes (D:11)
  7 manticores
  5 will-o-the-wisps
  4 meliai
  20 elephants
  6 black mambas
  10 cane toads
  A gargoyle (D:14)
  Jeremiah (Lair:1)
  12 komodo dragons
  3 torpor snails
  A centaur skeleton (D:15)
  2 freezing wraiths (D:12)
  4 kobold demonologists
  2 efreet
  7 rime drakes
  An unseen horror (D:13)
  2 polar bears (Lair:5)
  A troll (D:9)
  A bloated husk (Swamp:4)
  8 tyrant leeches
  11 blink frogs
  14 hornets
  5 jumping spiders
  11 slime creatures
  6 dream sheep (Lair:5)
  15 spriggans
  A centaur simulacrum (D:15)
  40 yaks
  2 vampires
  3 wyverns
  15 vampire mosquitoes
  12 basilisks
  4 redbacks (Lair:2)
  3 wargs
  2 steam dragons (Lair:5)
  Menkaure (D:5)
  19 swamp worms
  21 water moccasins
  An acid dragon (Lair:5)
  7 swamp drakes
  18 orc warriors
  A sky beast (D:8)
  3 ice beasts
  7 black bears
  5 ogres
  4 boggarts (D:14)
  6 wolves
  10 centaurs
  A phantom (D:6)
  3 kobold brigands
  19 bullfrogs
  6 scorpions
  11 wights
  A hornet simulacrum (D:15)
  11 killer bees
  6 electric eels
  13 howler monkeys
  A bombardier beetle (D:5)
  A hound (D:4)
  34 orc priests
  A gnoll bouda (D:7)
  2 jellies
  6 iguanas
  26 orc wizards
  A boggart simulacrum (D:15)
  6 gnolls
  12 adders
  2 shadow imps
  56 orcs
  4 ball pythons
  3 endoplasms
  A giant cockroach (D:1)
  10 goblins
  6 hobgoblins
  10 jackals
  3 quokkas
  11 bats
  A frilled lizard (D:3)
  13 kobolds
  11 rats
780 creatures vanquished.

Vanquished Creatures (collateral kills)
  A kobold (D:12)
  16 boulders
17 creatures vanquished.

Vanquished Creatures (others)
  3 bloated husks
  15 boulders
  17 foxfires
35 creatures vanquished.

Grand Total: 832 creatures vanquished

Notes
Turn   | Place    | Note
-------+----------+-------------------------------------------
     0 | D:1      | seren the Gargoyle Earth Elementalist began the quest for
                  | the Orb.
     0 | D:1      | Reached XP level 1. HP: 10/10 MP: 3/3
    44 | D:1      | Reached XP level 2. HP: 15/15 MP: 0/5
   313 | D:1      | Reached XP level 3. HP: 12/19 MP: 2/6
   314 | D:1      | Reached skill level 4 in Earth Magic
   519 | D:1      | Found a faded altar of an unknown god.
  1072 | D:2      | Reached XP level 4. HP: 24/24 MP: 4/7
  1253 | D:2      | Found Kesmuasa's Weapon Shop.
  1280 | D:2      | Found Voeka's Book Shop.
  1306 | D:2      | Found Culebatz's Jewellery Boutique.
  1351 | D:2      | Found a sacrificial altar of Ru.
  1740 | D:2      | Reached XP level 5. HP: 28/28 MP: 3/8
  1792 | D:2      | Found Geic's Magic Scroll Shop.
  1798 | D:2      | Bought a scroll of identify for 22 gold pieces
  1798 | D:2      | Bought a scroll of noise for 11 gold pieces
  1829 | D:2      | Found Wolejitz's Magic Scroll Emporium.
  1885 | D:2      | Reached skill level 1 in Fighting
  2046 | D:3      | Learned a level 3 spell: Passwall
  2054 | D:3      | Learned a level 3 spell: Stone Arrow
  2440 | D:3      | Found a sparkling altar of Nemelex Xobeh.
  3017 | D:4      | Reached XP level 6. HP: 28/34 MP: 2/10
  3126 | D:4      | Reached skill level 5 in Earth Magic
  3255 | D:4      | Found a staircase to the Ecumenical Temple.
  3268 | Temple   | Entered the Ecumenical Temple
  3277 | Temple   | Became a worshipper of Vehumet
  3346 | D:4      | You fall into a shaft and drop 1 floor!
  3346 | D:5      | Entered Level 5 of the Dungeon
  3554 | D:5      | Reached skill level 1 in Armour
  3554 | D:5      | Reached XP level 7. HP: 40/40 MP: 8/11
  4105 | D:4      | Reached skill level 1 in Evocations
  4448 | D:5      | Noticed Menkaure
  4458 | D:5      | Killed Menkaure
  4874 | D:6      | Identified the +3 war axe of the Pariah {flame, rC+ rCorr}
  5031 | D:6      | Reached skill level 6 in Earth Magic
  5077 | D:6      | Reached XP level 8. HP: 45/45 MP: 11/13
  5163 | D:6      | Reached * piety under Vehumet
  5163 | D:6      | Offered knowledge of Shock by Vehumet.
  5282 | D:6      | Found a blossoming altar of Fedhas.
  5741 | D:6      | Learned a level 4 spell: Brom's Barrelling Boulder
  5827 | D:6      | Reached skill level 5 in Conjurations
  5972 | D:6      | Noticed Pikel
  6145 | D:7      | Reached skill level 7 in Earth Magic
  6240 | D:7      | Reached XP level 9. HP: 51/51 MP: 5/14
  6512 | D:7      | Reached skill level 5 in Stealth
  7080 | D:7      | Reached skill level 8 in Earth Magic
  7157 | D:7      | Identified the +2 robe "Vaazin" {Will++ MP+9 Int+3
                  | Archmagi}
  7175 | D:7      | Learned a level 4 spell: Petrify
  7267 | D:7      | Found an ornate altar of the Wu Jian Council.
  8082 | D:8      | Reached ** piety under Vehumet
  8082 | D:8      | Offered knowledge of Mercury Vapours by Vehumet.
  8153 | D:8      | Found a sacrificial altar of Ru.
  8223 | D:8      | Reached skill level 1 in Alchemy
  8447 | D:8      | Reached XP level 10. HP: 53/58 MP: 16/17
  8969 | D:8      | Reached skill level 5 in Fighting
  8984 | D:8      | Reached skill level 5 in Spellcasting
  9359 | D:9      | Found Sadegom's Jewellery Emporium.
  9916 | D:9      | Offered knowledge of Momentum Strike by Vehumet.
 10081 | D:9      | Reached skill level 9 in Earth Magic
 10356 | D:9      | Reached skill level 5 in Dodging
 10668 | D:2      | Bought an amulet of magic regeneration for 420 gold pieces
 10765 | D:4      | Reached *** piety under Vehumet
 11011 | D:6      | Killed Pikel
 11012 | D:6      | Reached XP level 11. HP: 63/63 MP: 19/19
 11363 | D:10     | Entered Level 10 of the Dungeon
 11367 | D:10     | Found a staircase to the Orcish Mines.
 11770 | D:10     | Noticed Nergalle
 11786 | D:10     | Killed Nergalle
 12174 | D:10     | Noticed a centaur warrior
 12348 | D:10     | Reached skill level 1 in Staves
 12348 | D:10     | Reached skill level 5 in Evocations
 12561 | D:11     | Noticed a boulder beetle
 12640 | D:11     | Noticed a manticore
 12669 | D:11     | Found a staircase to the Lair.
 12676 | D:11     | Offered knowledge of Hailstorm by Vehumet.
 12770 | D:11     | Noticed a manticore
 12798 | D:11     | Reached skill level 10 in Earth Magic
 12839 | Lair:1   | Entered Level 1 of the Lair of Beasts
 13007 | D:11     | Killed a manticore
 13115 | D:11     | Noticed a cyclops
 13144 | D:11     | Killed a cyclops
 13516 | D:11     | Noticed an ogre mage
 13756 | D:11     | Noticed a death knight
 13872 | D:11     | Noticed a cyclops
 13876 | D:11     | Killed a cyclops
 14100 | D:11     | Killed an ogre mage
 14364 | Lair:1   | Reached XP level 12. HP: 68/68 MP: 22/22
 14568 | Lair:1   | Reached skill level 11 in Earth Magic
 14606 | Lair:1   | Noticed Harold
 14627 | Lair:1   | Noticed Jeremiah
 15256 | Lair:2   | Reached **** piety under Vehumet
 15310 | Lair:2   | Found a hole to the Spider Nest.
 15410 | Lair:2   | Offered knowledge of Mephitic Cloud by Vehumet.
 15423 | Lair:2   | Learned a level 3 spell: Mephitic Cloud
 15609 | Lair:2   | Reached skill level 10 in Conjurations
 15710 | Lair:2   | Noticed a seven-headed hydra
 15863 | Lair:2   | Reached skill level 5 in Staves
 16070 | Lair:2   | Noticed a skyshark
 16240 | Lair:2   | HP: 2/68 [spriggan druid/stone arrow (35)]
 16802 | D:2      | Bought a scroll of blinking for 75 gold pieces
 16802 | D:2      | Bought 3 scrolls of identify for 60 gold pieces
 16805 | D:2      | Bought a scroll of identify for 20 gold pieces
 16805 | D:2      | Bought a scroll of identify for 20 gold pieces
 17138 | Lair:2   | Killed a skyshark
 17257 | Lair:2   | Killed a seven-headed hydra
 17667 | Lair:3   | Reached skill level 12 in Earth Magic
 17682 | Lair:3   | Reached XP level 13. HP: 71/73 MP: 21/25
 17755 | Lair:3   | Found a gate leading to a gauntlet.
 17774 | Gauntlet | Entered a Gauntlet
 17774 | Gauntlet | Found a transporter.
 17783 | Gauntlet | Found a transporter.
 17799 | Gauntlet | Found a transporter.
 17799 | Gauntlet | Found the macabre finger necklace {Finger+ rN+}
 17803 | Gauntlet | Found a transporter.
 17815 | Gauntlet | Noticed a balrug
 17817 | Gauntlet | Found a transporter.
 17834 | Gauntlet | Found a transporter.
 17838 | Gauntlet | Found a transporter.
 17860 | Gauntlet | Found a transporter.
 17865 | Gauntlet | Found a transporter.
 17865 | Gauntlet | Found a transporter.
 17865 | Gauntlet | Noticed a dire elephant
 17869 | Gauntlet | Found a transporter.
 17902 | Gauntlet | Found a transporter.
 18540 | Lair:3   | Reached ***** piety under Vehumet
 18560 | Lair:3   | Offered knowledge of Iskenderun's Mystic Blast by Vehumet.
 19368 | Lair:4   | Found a staircase to the Slime Pits.
 19689 | Lair:4   | Reached skill level 5 in Armour
 20162 | Lair:5   | Entered Level 5 of the Lair of Beasts
 20177 | Lair:5   | Noticed Rupert
 20338 | Orc:1    | Entered Level 1 of the Orcish Mines
 20539 | D:2      | Bought 2 scrolls of identify for 44 gold pieces
 20539 | D:2      | Bought a scroll of identify for 22 gold pieces
 20549 | D:2      | Identified a scroll of acquirement
 20552 | D:2      | Acquired 1119 gold pieces
 20577 | D:2      | Bought 2 scrolls of revelation for 150 gold pieces
 20790 | Orc:1    | Noticed an ettin
 20998 | D:10     | Killed an ettin
 21060 | Orc:2    | Entered Level 2 of the Orcish Mines
 21303 | Orc:1    | Noticed Erolcha
 21653 | Orc:2    | Offered knowledge of Arcjolt by Vehumet.
 21717 | Orc:2    | Found a staircase to the Elven Halls.
 21935 | Orc:2    | Gained mutation: Your large and strong wings let you fly.
                  | [Gargoyle growth]
 21935 | Orc:2    | Reached XP level 14. HP: 68/80 MP: 23/27
 22553 | Orc:2    | Found Vuzelueg's Jewellery Boutique.
 22553 | Orc:2    | Found Uraeg's Jewellery Boutique.
 22554 | Orc:2    | Found Pannez's Weapon Shop.
 22557 | Orc:2    | Found Nynij's Weapon Shop.
 22602 | Orc:2    | Found a roughly hewn altar of Beogh.
 23187 | D:12     | Noticed Mll's ghost (journeyman MiFi)
 23220 | D:12     | Reached skill level 13 in Earth Magic
 23292 | D:12     | Found a transporter.
 23306 | D:12     | Found a transporter.
 23706 | D:12     | Noticed Fannar
 23718 | D:11     | Killed Fannar
 24244 | D:13     | Found a gate to the Vaults.
 24267 | D:13     | Found the +1 eveningstar "Brilliance" {foul flame, Halo}
 26334 | D:13     | Identified the +0 pair of boots of the Weak Slorg {rPois
                  | rN+ Str-5}
 27188 | D:14     | Found a white marble altar of Elyvilon.
 27283 | D:15     | Entered Level 15 of the Dungeon
 27544 | D:13     | Reached XP level 15. HP: 38/88 MP: 15/28
 27718 | D:14     | Learned a level 7 spell: Orb of Destruction
 27828 | D:15     | Acquired the ring "Nijube" {MP+9 Int+3}
 27947 | D:15     | Noticed Jorgrun
 27961 | D:15     | Killed Jorgrun
 27961 | D:15     | Offered knowledge of Lee's Rapid Deconstruction by Vehumet.
 27972 | D:15     | Learned a level 5 spell: Lee's Rapid Deconstruction
 28557 | D:15     | Found a staircase to the Depths.
 28901 | Lair:1   | Killed Harold
 28954 | Lair:1   | Killed Jeremiah
 29183 | Lair:5   | Killed Rupert
 29184 | Lair:5   | Reached skill level 10 in Spellcasting
 29184 | Lair:5   | Reached skill level 5 in Alchemy
 29669 | Lair:5   | Identified the staff "Gargoyle's Bane" {Stlth+ Conj}
 29696 | Lair:5   | Reached skill level 14 in Earth Magic
 30037 | Lair:5   | Offered knowledge of Freezing Cloud by Vehumet.
 30630 | Lair:5   | Reached XP level 16. HP: 62/96 MP: 30/30
 31006 | Orc:2    | Bought the ring "Koenlakugh" {rF+++ Int+3 Dex-5 SInv} for
                  | 580 gold pieces
 31613 | Lair:2   | Found a staircase to the Swamp.
 31631 | Swamp:1  | Entered Level 1 of the Swamp
 33260 | Swamp:2  | Noticed a fenstrider witch
 33476 | Swamp:2  | Reached skill level 15 in Earth Magic
 33523 | Swamp:2  | Killed a fenstrider witch
 33571 | Swamp:2  | Noticed a fenstrider witch
 33579 | Swamp:2  | Killed a fenstrider witch
 33612 | Swamp:1  | Acquired a staff of earth
 33614 | Swamp:1  | Acquired 727 gold pieces
 34142 | Swamp:2  | Reached skill level 10 in Fighting
 34185 | Swamp:2  | Noticed a thorn hunter
 34189 | Swamp:2  | Killed a thorn hunter
 34493 | Swamp:3  | Noticed a tentacled monstrosity
 34497 | Swamp:3  | Killed a tentacled monstrosity
 34560 | Swamp:3  | Reached ****** piety under Vehumet
 34560 | Swamp:3  | Offered knowledge of Ozocubu's Refrigeration by Vehumet.
 34561 | Swamp:3  | Reached skill level 10 in Dodging
 34672 | Swamp:3  | Reached skill level 1 in Shields
 35258 | Swamp:3  | Identified the +0 chain mail of Whack-A-Mole {rF+ Will+}
 35318 | Swamp:4  | Entered Level 4 of the Swamp
 35488 | Swamp:4  | Noticed a thorn hunter
 35600 | Swamp:4  | Reached XP level 17. HP: 67/103 MP: 32/32
 36096 | Swamp:4  | Noticed Roxanne
 36460 | Swamp:4  | Offered knowledge of Plasma Beam by Vehumet.
 36623 | Swamp:4  | Killed Roxanne
 36828 | Swamp:4  | Reached skill level 16 in Earth Magic
 36853 | Swamp:4  | Reached skill level 5 in Shields
 36933 | Swamp:4  | Noticed the 27-headed Lernaean hydra
 37202 | Spider:1 | Entered Level 1 of the Spider Nest
 37437 | Lair:2   | Reached skill level 10 in Staves
 38198 | Orc:1    | Killed Erolcha
 38245 | Orc:2    | HP: 2/104 [ettin/+3 dire flail (37)]
 38245 | Orc:2    | Slain by a troll

Illustrated notes

Levels and vault maps discovered:
D:1:      onia_arrival_handbag, layout_basic,
          shapermc_ecumenical_altar_totnotflames, serial_bayou_ford_a,
          corner_web_ring
D:2:      layout_basic, basic_altar, serial_shops, nicolae_shop_peninsula,
          nicolae_shop_tiny_waterfront, shop, shop, nicolae_shop_tiny_glass
D:3:      layout_basic, nemelex_altar_shiori
D:4:      layout_gridville, minmay_temple_entry_glass, minmay_distorted
D:5:      layout_loops_cross, uniq_menkaure
D:6:      layout_gridville, mainiacjoe_overflow_alcove_2, uniq_pikel
D:7:      layout_layer_cave, nicolae_wu_jian_wuxing_cycle,
          minmay_misc_feat_tower
D:8:      layout_gridville, overflow_temple_1_default, enter_bailey_2,
          minmay_tree_intersection
D:9:      layout_irregular_city, serial_column_ruins, column_ruins_hut_water,
          column_ruins_grid_5, column_ruins_grid_2, column_ruins_grid_4,
          column_ruins_corridor_straight, serial_shops, shop
D:10:     layout_basic, lemuel_round_altar, orc_0_dummy, uniq_nergalle,
          uniq_amaemon
D:11:     layout_layer_cave, due_lair_maze_entry_diamond, minmay_diamond_spiral
D:12:     layout_basic, gammafunk_ghost_hive, uniq_fannar
D:13:     layout_cave_pools, hellmonk_vaults_attempted_burglary, minivault_16
D:14:     layout_cross, elyvilon_altar_3
D:15:     grunt_enter_depths_magical_seal, layout_stronghold,
          serial_bayou_pond_c, uniq_jorgrun
Temple:   nicolae_temple_bog_church
Lair:1:   layout_regular_city, uniq_jeremiah, uniq_harold
Lair:2:   layout_roguey, mainiacjoe_swamp_entry_angry_trees,
          hellmonk_spider_entry_not_the_bees, serial_bayou_lake_a
Lair:3:   layout_layer_cave, gauntlet_entry_generic, infiniplex_staircase_pool
Lair:4:   layout_roguey, slime_entry_1, kennysheep_basilisk_garden,
          grunt_megastairs_5
Lair:5:   guppyfry_lair_end_dragon, layout_layer_cave, hangedman_lair_in_review,
          chequers_serial_rivers_micro_c, pond, uniq_rupert
Swamp:1:  layout_basic_swamp, serial_swamp_ruin, evilmike_swamp_ruin_house_5,
          evilmike_swamp_ruin_house_1, evilmike_swamp_ruin_house_6,
          swamp_pool_1_2
Swamp:2:  nicolae_swamp_wrong_neighborhood, layout_basic_swamp,
          evilmike_swamp_ruin_house_2
Swamp:3:  layout_basic_swamp, evilmike_swamp_ruin_rubble_1
Swamp:4:  swamp_old_school, layout_basic_swamp, water_boxes_lemuel,
          nicolae_swamp_long_stream, uniq_roxanne
Spider:1: layout_spider_delve
Orc:1:    layout_caves, uniq_erolcha
Orc:2:    st_orc_mages, layout_diamond_mine, mines2_david

Skill      XL: |  1  2  3  4  5  6  7  8  9 10 11 12 13 14 15 16 17 |
---------------+----------------------------------------------------+-----
Earth Magic    | 4 5 6 7 8 9 10 12 13 14 15 16 | 16.1
Dodging        | 2 3 4 5 6 7 8 9 10 | 10.0
Conjurations   | 2 3 4 5 6 8 9 10 11 12 13 14 | 14.9
Stealth        | 3 4 5 |  5.0
Fighting       | 1 2 3 4 5 6 8 9 10 11 | 11.0
Armour         | 1 2 3 5 7 |  7.0
Spellcasting   | 3 4 5 7 8 9 10 11 | 11.4
Evocations     | 1 2 3 4 5 6 7 |  7.0
Alchemy        | 1 3 4 5 |  5.0
Staves         | 3 5 6 7 8 9 10 | 10.0
Shields        | 2 5 |  5.7

Action                     |  1- 3 |  4- 6 |  7- 9 | 10-12 | 13-15 | 16-18 || total
---------------------------+-------+-------+-------+-------+-------+-------++-------
  Melee: Dagger            |     1 |    36 |    24 |    15 |       |       ||    76
         Staff             |       |       |       |    28 |    22 |    11 ||    61
   Cast: Sandblast         |    38 |    67 |    64 |    51 |     2 |     1 ||   223
         Stone Arrow       |       |       |    56 |   273 |   614 |   140 ||  1083
         Brom's Barrelling |       |       |       |    27 |    25 |     4 ||    56
         Passwall          |       |       |       |     2 |     1 |       ||     3
         Mephitic Cloud    |       |       |       |     3 |    38 |       ||    41
         Lee's Rapid Decon |       |       |       |       |    86 |    76 ||   162
         Orb of Destructio |       |       |       |       |    39 |   116 ||   155
         Petrify           |       |       |       |       |       |    41 ||    41
  Evoke: Wand              |       |       |     6 |     2 |    12 |     2 ||    22
         Condenser vane    |       |       |       |       |       |     1 ||     1
    Use: Scroll            |       |     7 |     4 |    13 |    13 |    11 ||    48
         Potion            |       |       |     1 |     2 |     1 |     3 ||     7
   Stab: Sleeping          |       |     5 |     1 |       |       |       ||     6
         Confused          |       |       |       |       |     2 |       ||     2
 Armour: Robe              |    15 |    51 |    63 |   173 |   233 |   291 ||   826
  Dodge: Dodged            |    13 |    48 |    46 |   147 |   164 |   186 ||   604
  Block: Buckler           |       |       |       |       |       |    34 ||    34

Table legend: (Time is in decaauts)
 A = Elapsed time spent in this place.
 B = Non-inter-level travel time spent in this place.
 C = Inter-level travel time spent in this place.
 D = Time resting spent in this place.
 E = Time spent auto-exploring this place.
 F = Levels seen in this place.
 G = Mean time per level.
                   A        B        C        D        E       F      G
               +--------+--------+--------+--------+--------+-----+--------+
         Total |  38502 |  34292 |   4210 |   8130 |  14003 |  29 | 1327.7 |
       Dungeon |  21546 |  18770 |   2776 |   3692 |   9042 |  15 | 1436.4 |
        Temple |     19 |     19 |      0 |      0 |      0 |   1 |   19.0 |
          Lair |   9589 |   8521 |   1068 |   2540 |   3243 |   5 | 1917.8 |
         Swamp |   4785 |   4540 |    245 |   1358 |   1089 |   4 | 1196.2 |
   Spider Nest |     29 |     29 |      0 |      0 |      0 |   1 |   29.0 |
  Orcish Mines |   2255 |   2135 |    120 |    540 |    600 |   2 | 1127.5 |
      Gauntlet |    275 |    275 |      0 |      0 |     29 |   1 |  275.0 |
               +--------+--------+--------+--------+--------+-----+--------+

Top non-repeatable levels by time:
  Lair:2: 3470 daAuts
    D:11: 2416 daAuts
    D:13: 2158 daAuts
  Lair:5: 1965 daAuts
     D:6: 1894 daAuts
     D:7: 1837 daAuts
  Lair:1: 1776 daAuts
   Orc:2: 1673 daAuts
     D:8: 1648 daAuts
     D:9: 1359 daAuts
 Swamp:4: 1336 daAuts
 Swamp:1: 1310 daAuts
     D:2: 1300 daAuts
  Lair:3: 1228 daAuts
    D:10: 1216 daAuts
